 Dungeon Crawl Stone Soup version 0.30-a0-279-g4b46babb21 (webtiles) character file.

Game seed: 5098783644406786410

294 lunkers the Basher (level 6, -1/50 HPs)
             Began as a Meteoran Wanderer on Oct 17, 2022.
             Slain by a gnoll
             ... wielding a +0 halberd
              (2 damage)
             ... on level 5 of the Dungeon.
             The game lasted 00:05:19 (1957 turns).

lunkers the Basher (Meteoran Wanderer)              Turns: 1957, Time: 00:05:20

Health: -1/50      AC:  6    Str: 17    XL:     6   Next: 92%
Magic:  13/13      EV: 11    Int: 14    God:
Gold:   137        SH:  0    Dex: 12    Spells: 12/13 levels left

rFire   . . .      SeeInvis .    a - +2 mace
rCold   . . .      Faith    .    (no shield)
rNeg    . . .      Spirit   .    e - +0 robe
rPois   .          Reflect  .    o - +0 helmet
rElec   .          Harm     .    h - +2 cloak
rCorr   +          Rampage  .    (no gloves)
Will    .....                    (no boots)
Stlth   +.........               (no amulet)
HPRegen 0.28/turn                k - ring of flight
MPRegen 0.13/turn                m - ring of resist corrosion

@: flying, glowing
A: sense surroundings 1, otherworldly, glowing, explore regen
a: no special abilities


You were on level 5 of the Dungeon.
You visited 1 branch of the dungeon, and saw 5 of its levels.

You collected 137 gold pieces.

Inventory:

Hand Weapons
 a - a +2 mace (weapon)
 c - a +0 dagger
Missiles
 b - 16 poisoned darts
Armour
 e - a +0 robe (worn)
 h - a +2 cloak (worn)
 o - a +0 helmet (worn)
Jewellery
 k - a ring of flight (left hand)
 m - a ring of resist corrosion (right hand)
 p - an amulet of regeneration
Scrolls
 d - 3 scrolls of fear
 f - a scroll of teleportation
 l - a scroll of enchant armour {unknown}
 n - a scroll of amnesia {unknown}
 q - a scroll of blinking {unknown}
 u - a scroll of identify
Potions
 g - a potion of magic {unknown}
 i - 3 potions of curing
 j - 2 potions of lignification
 r - a potion of heal wounds {unknown}
 s - a potion of mutation {unknown}
 t - a potion of might {unknown}


   Skills:
 + Level 2.8 Fighting
 * Level 8.5 Maces & Flails
 - Level 2.4 Throwing
 - Level 4.0 Spellcasting
 - Level 1.2 Evocations


You had 12 spell levels left.
You knew the following spells:

 Your Spells              Type           Power      Damage    Failure   Level
p - Sandblast             Erth           4%         2d4       19%         1

Your spell library contained the following spells:

 Spells                   Type           Power      Damage    Failure   Level
 Stone Arrow              Conj/Erth      4%         3d7       50%         3


Dungeon Overview and Level Annotations

Branches:
Dungeon (5/15) Zot: 987
 Temple: D:4-7

Altars:
Qazlal

Annotations:
D:3 Sigmund
D:4 1 transporter, tbh1313's ghost, amateur TrFi


Innate Abilities, Weirdness & Mutations

You passively map a small area around you.
You are easily found by Zot.
You glow in the dark.
You regain HP and MP as you explore.


Message History

An orc priest comes into view. It is wielding a +0 short sword.
The howler monkey hoots and howls with incredible vigour!
A gnoll comes into view. It is wielding a +0 club.
A hound comes into view.
The hound barks!
The howler monkey attacks as you move away!
The howler monkey barely misses you. The gnoll closely misses you.
A hound comes into view.
Your magical contamination has completely faded away. 2 gnolls come into view.
The hound completely misses you. The gnoll hits you with a +0 club.
The hound bites you. x2
The howler monkey hits you but does no damage.
The gnoll attacks as you move away! The gnoll hits you with a +0 club.
The howler monkey attacks as you move away!
The howler monkey barely misses you. The hound bites you. The hound misses you.
The gnoll attacks as you move away! The gnoll closely misses you.
The hound bites you but does no damage. The hound bites you.
The hound misses you. The hound attacks as you move away!
The hound barely misses you.
The howler monkey hoots and howls with incredible vigour!
The hound bites you. The hound attacks as you move away! The hound bites you.
The hound bites you but does no damage. The hound attacks as you move away!
The hound bites you. The hound attacks as you move away!
The hound closely misses you.
The steam dragon hisses angrily.
The howler monkey hoots and howls with incredible vigour!
The gnoll hits you with a +0 whip.
The hound pauses to sniff the ground.
The hound bites you. The gnoll attacks as you move away! The gnoll misses you.
The steam dragon breathes steam at you. The ball of steam hits you!!
* * * LOW HITPOINT WARNING * * *
The gnoll hits you from afar with a +0 halberd!
* * * LOW HITPOINT WARNING * * *
The hound attacks as you move away! The hound bites you but does no damage.
The gnoll hits you with a +0 halberd.
You die...

# #.# , ... , #o##.##, ..
...., * .# * * #<######.#
# * #..og...g#* , , ..,
####o#####o.# ###, ...##
#...o..###g.#...#.
.....######
#)..og..o.g.......
D.........#
#.##@wgh##.##...#.
..........###.##h#.g##.#
#.##
............D.ยงยง.h...g.#
.#
...##.....###.......#### *
# , #.....# #....##.# * ,
* , ####### #.......# * ,,
, * *##.###### * * ...# *
, , ###.# * * ,*


You could see a worm, a howler monkey, 2 hounds, an orc priest, 6 gnolls and 3
orcs.

Vanquished Creatures
  A phantom (D:4)
  A scorpion (D:4)
  A jelly (D:3)
  Robin (D:2)
  3 adders (D:2)
  2 ufetubi (D:4)
  A worm (D:2)
  2 dart slugs (D:2)
  An orc (D:3)
  6 endoplasms
  5 giant cockroaches
  9 goblins
  12 hobgoblins
  6 kobolds
  2 quokkas
  6 ball pythons
  4 bats
  A frilled lizard (D:3)
  4 rats
68 creatures vanquished.

Notes
Turn   | Place    | Note
-------+----------+-------------------------------------------
     0 | D:1      | lunkers the Meteoran Wanderer began the quest for the Orb.
     0 | D:1      | lunkers set off with the following items: a +2 mace, 13
                  | poisoned darts, a +0 dagger, a scroll of fear, a +0 robe;
                  | and the following spell memorised: Sandblast; and the
                  | following spells available to memorise: Stone Arrow.
     0 | D:1      | Reached XP level 1. HP: 16/16 MP: 6/6
   158 | D:1      | Reached XP level 2. HP: 23/23 MP: 6/8
   271 | D:2      | Reached skill level 5 in Maces & Flails
   296 | D:2      | Reached XP level 3. HP: 22/28 MP: 6/9
   438 | D:2      | Reached skill level 6 in Maces & Flails
   438 | D:2      | Reached XP level 4. HP: 30/35 MP: 9/11
   446 | D:2      | Noticed Robin
   589 | D:2      | Killed Robin
   708 | D:2      | Reached XP level 5. HP: 38/40 MP: 9/12
   882 | D:3      | Reached skill level 7 in Maces & Flails
   957 | D:3      | Noticed Sigmund
  1382 | D:4      | Reached XP level 6. HP: 19/48 MP: 11/13
  1410 | D:4      | Reached skill level 8 in Maces & Flails
  1431 | D:4      | Found a stormy altar of Qazlal.
  1536 | D:4      | Found a transporter.
  1541 | D:4      | Noticed tbh1313's ghost (amateur TrFi)
  1910 | D:5      | Entered Level 5 of the Dungeon
  1923 | D:5      | Noticed a steam dragon
  1956 | D:5      | HP: 1/50 [gnoll/+0 halberd (10)]
  1957 | D:5      | Slain by a gnoll

Illustrated notes

Levels and vault maps discovered:
D:1:      matt_arrival_diagonals, layout_basic, minmay_tetromino_i2
D:2:      layout_loops_ring, uniq_robin
D:3:      layout_basic, uniq_sigmund
D:4:      layout_basic, grunt_qazlal_sundering, gammafunk_ghost_stat_death
D:5:      layout_loops_cross

Skill      XL: |  1  2  3  4  5  6 |
---------------+-------------------+-----
Maces & Flails | 5 6 7 8 |  8.5
Fighting       | 2 |  2.8
Throwing       | |  2.4
Spellcasting   | |  4.0
Evocations     | |  1.2

Action                   |  1- 3 |  4- 6 || total
-------------------------+-------+-------++-------
Melee: Mace              |    29 |   117 ||   146
       Punch             |     1 |     1 ||     2
 Cast: Sandblast         |    25 |    62 ||    87
  Use: Scroll            |       |     3 ||     3
Armor: Robe              |    15 |    74 ||    89
Dodge: Dodged            |    14 |   101 ||   115

Table legend: (Time is in decaauts)
 A = Elapsed time spent in this place.
 B = Non-inter-level travel time spent in this place.
 C = Inter-level travel time spent in this place.
 D = Time resting spent in this place.
 E = Time spent auto-exploring this place.
 F = Levels seen in this place.
 G = Mean time per level.
                   A        B        C        D        E       F      G
               +--------+--------+--------+--------+--------+-----+--------+
         Total |   2011 |   1974 |     37 |      2 |   1212 |   5 |  402.2 |
       Dungeon |   2011 |   1974 |     37 |      2 |   1212 |   5 |  402.2 |
               +--------+--------+--------+--------+--------+-----+--------+

Top non-repeatable levels by time:
     D:4: 584 daAuts
     D:3: 544 daAuts
     D:2: 463 daAuts
     D:1: 372 daAuts
     D:5: 47 daAuts
